 Dungeon Crawl Stone Soup version 0.31-a0-542-gdc2a67831c (webtiles) character file.

Game seed: 8848422037248322397

133 randomguy2701 the Grave Robber (level 4, 0/24 HPs)
             Began as a Deep Elf Necromancer on Aug 14, 2023.
             Was an Initiate of Sif Muna.
             Slain by an ice beast (2 damage)
             ... on level 4 of the Dungeon.
             The game lasted 00:04:40 (3415 turns).

randomguy2701 the Grave Robber (DENe)               Turns: 3415, Time: 00:04:40

Health: 0/24       AC:  4    Str:  5    XL:     4   Next: 93%
Magic:  7/13       EV: 12    Int: 22    God:    Sif Muna [......]
Gold:   158        SH:  0    Dex: 15    Spells: 12/13 levels left

rFire   . . .        (no weapon)
rCold   . . .        (no shield)
rNeg    + . .        m - +1 robe {rN+}
rPois   .            u - +1 hat
rElec   .            (no cloak)
rCorr   .            (no gloves)
SInv    .            (no boots)
Will    .....        (no amulet)
Stlth   ++           (no ring)
HPRegen 0.24/turn    (no ring)
MPRegen 0.13/turn

%: no passive effects
@: no status effects
A: no striking features
a: Renounce Religion


You were on level 4 of the Dungeon.
You worshipped Sif Muna.
Sif Muna was noncommittal.
You visited 1 branch of the dungeon, and saw 4 of its levels.

You collected 158 gold pieces.

Inventory:

Armour
 m - a +1 robe of positive energy (worn)
 n - the +0 leather armour of Recklessness {Slay+5}
   (You found it on level 2 of the Dungeon)

   Slay+5:    It affects your accuracy & damage with ranged weapons and melee
   (+5).
 u - a +1 hat (worn)
Jewellery
 r - an amulet of guardian spirit
Wands
 s - a wand of flame (15)
Scrolls
 c - a scroll of poison {unknown}
 d - a scroll of revelation {unknown}
 f - 2 scrolls of noise {unknown}
 h - 9 scrolls of identify {unknown}
 j - 5 scrolls of torment {unknown}
 k - a scroll of blinking {unknown}
 o - a scroll of brand weapon {unknown}
 p - a scroll of teleportation {unknown}
Potions
 b - a potion of magic
 e - 3 potions of curing {unknown}
 g - a potion of cancellation {unknown}
 i - a potion of might {unknown}
 l - a potion of degeneration {unknown}
 q - a potion of resistance {unknown}
 t - a potion of heal wounds {unknown}


   Skills:
 + Level 2.5 Dodging
 + Level 2.6 Stealth
 + Level 5.4 Spellcasting
 + Level 6.1 Necromancy


You had 12 spell levels left.
You knew the following spells:

 Your Spells              Type           Power      Damage    Failure   Level
a - Necrotise             Necr           100%       1d9       1%          1

Your spell library contained the following spells:

 Spells                   Type           Power      Damage    Failure   Level
 Vampiric Draining        Necr           33%        2d8       2%          3
 Animate Dead             Necr           33%        N/A       8%          4
 Agony                    Necr           33%        N/A       22%         5
 Call Canine Familiar     Summ           5%         N/A       28%         3
 Portal Projectile        Hex/Tloc       10%        N/A       28%         3
 Leda's Liquefaction      Hex/Erth       2%         N/A       67%         4
 Chain Lightning          Conj/Air       2%         3d3       100%        9
 Fire Storm               Conj/Fire      2%         8d1       100%        9
 Shatter                  Erth           2%         3d6*      100%        9


Dungeon Overview and Level Annotations

Branches:
Dungeon (4/15)
 Temple: D:4-7

Altars:
Okawaru
Ru
Sif Muna
Trog

Annotations:
D:3 1 runed translucent door, slowBro's ghost, amateur MfGl
D:4 1 runed translucent door, 2 transporters, Crazy Yiuf; Eustachio; LeprechaunX's ghost, amateur OpSh


Message History

You swap places.
You see here a +1 hat.
u - a +1 hat You start putting on your armour.
You continue putting on your +1 hat. x4
You finish putting on your +1 hat.
You drop a +0 robe.
You swap places.
Your hobgoblin skeleton hits the ice beast but does no damage.
The ice beast hits your hobgoblin skeleton.
The ice beast freezes your hobgoblin skeleton.
Your hobgoblin skeleton resists.
The ice beast hits your hobgoblin skeleton.
Your hobgoblin skeleton is destroyed!
The ice beast barely resists.
The ice beast writhes in agony.
The ice beast barely resists.
The ice beast barely resists.
The ice beast hits you. The ice beast freezes you!
Ouch! That really hurt!
Casting: Necrotise (safe; 1% risk of failure)
Confirm with . or Enter, or press ? or * to list all spells.
You don't know that spell.
You are too injured to fight recklessly!
You are too injured to fight recklessly!
You are too injured to fight recklessly!
Casting: Necrotise (safe; 1% risk of failure)
Confirm with . or Enter, or press ? or * to list all spells.
Aiming: Necrotise (safe; 1% risk of failure)
Press: ? - help, Shift-Dir - straight line, f/p - ice beast
Aim: an ice beast (lightly wounded, chance to affect: 83%)
The ice beast barely resists.
The ice beast hits you. The ice beast freezes you!
* * * LOW HITPOINT WARNING * * *
Casting: Necrotise (safe; 1% risk of failure)
Confirm with . or Enter, or press ? or * to list all spells.
Aiming: Necrotise (safe; 1% risk of failure)
Press: ? - help, Shift-Dir - straight line, f/p - ice beast
Aim: an ice beast (lightly wounded, chance to affect: 83%)
The ice beast writhes in agony.
The ice beast hits you.
You die...

###.###.#.......#.....
.......#.......#.####
##..###.......######
#.....#.......#.)...
#.#.#.#.......#.####
...#.#.#########.####
##.##.#.# #..... #.
#Y#.############## #.
#@................ #
##.................
#...#############..
#[..#..... .Z...#..
#...#Z..........#..
##..#..###.###..#..
#..#..#8# 8#..#..
##..#..... ....!#..
######..©#.....
....(#©.


You could see an ice beast.

Vanquished Creatures
  A jelly (D:3)
  2 gnolls (D:3)
  2 worms
  2 dart slugs
  An orc (D:3)
  8 endoplasms
  2 giant cockroaches (D:1)
  6 goblins
  7 hobgoblins
  3 jackals
  2 quokkas (D:1)
  5 ball pythons
  4 bats
  2 frilled lizards
  5 kobolds
  7 rats
59 creatures vanquished.

Vanquished Creatures (collateral kills)
  A gnoll (D:3)
  A goblin (D:3)
2 creatures vanquished.

Grand Total: 61 creatures vanquished

Notes
Turn   | Place    | Note
-------+----------+-------------------------------------------
     0 | D:1      | randomguy2701 the Deep Elf Necromancer began the quest for
                  | the Orb.
     0 | D:1      | Reached XP level 1. HP: 10/10 MP: 6/6
    71 | D:1      | Reached skill level 5 in Necromancy
   274 | D:1      | Reached XP level 2. HP: 15/15 MP: 6/8
   405 | D:1      | You fall into a shaft and drop 1 floor!
   405 | D:2      | Found a bloodstained altar of Trog.
   758 | D:2      | Reached XP level 3. HP: 19/19 MP: 7/10
   794 | D:2      | Identified the +0 leather armour of Recklessness {Slay+5}
  1902 | D:3      | Reached skill level 6 in Necromancy
  1902 | D:3      | Reached XP level 4. HP: 24/24 MP: 8/12
  1983 | D:3      | Found a sacrificial altar of Ru.
  2034 | D:3      | Reached skill level 5 in Spellcasting
  2144 | D:3      | Found a runed translucent door.
  2144 | D:3      | Noticed slowBro's ghost (amateur MfGl)
  2356 | D:3      | Found a shimmering blue altar of Sif Muna.
  2681 | D:3      | Found an iron altar of Okawaru.
  2739 | D:3      | Became a worshipper of Sif Muna the Loreminder
  2762 | D:4      | Noticed Eustachio
  3031 | D:4      | Found a runed translucent door.
  3032 | D:4      | Noticed Crazy Yiuf
  3064 | D:4      | Found a transporter.
  3166 | D:4      | Noticed an ice beast
  3354 | D:4      | Found a transporter.
  3359 | D:4      | Noticed LeprechaunX's ghost (amateur OpSh)
  3415 | D:4      | Slain by an ice beast

Illustrated notes

Levels and vault maps discovered:
D:1:      lightli_arrival_lavapool, layout_loops_corners, minmay_fountain_box,
          hangedman_decor_slide_cut, st_stairs_9, nicolae_figureground_pulse
D:2:      layout_loops_ring, basic_altar, minmay_misc_feat_room,
          nrook_loot_triangle
D:3:      layout_basic, mainiacjoe_overflow_brackets,
          mainiacjoe_overflow_concentric_impassable, okawaru_altar_gauntlet_db,
          hellmonk_ghost_happy_afterlife
D:4:      layout_basic, grunt_gozag_statues, nicolae_overflow_crystal_walls,
          old_standard_altar, gammafunk_ghost_mausoleum, uniq_eustachio,
          uniq_crazy_yiuf_cottage

Skill      XL: |  1  2  3  4 |
---------------+-------------+-----
Necromancy     | 5 6 |  6.1
Spellcasting   | 4 5 |  5.4
Dodging        | |  2.5
Stealth        | |  2.6

Action                     |  1- 3 |  4- 6 || total
---------------------------+-------+-------++-------
  Melee: Unarmed           |     2 |     1 ||     3
   Cast: Necrotise         |    69 |    36 ||   105
 Armour: Robe              |     6 |     1 ||     7
  Dodge: Dodged            |     9 |     5 ||    14

Table legend: (Time is in decaauts)
 A = Elapsed time spent in this place.
 B = Non-inter-level travel time spent in this place.
 C = Inter-level travel time spent in this place.
 D = Time resting spent in this place.
 E = Time spent auto-exploring this place.
 F = Levels seen in this place.
 G = Mean time per level.
                   A        B        C        D        E       F      G
               +--------+--------+--------+--------+--------+-----+--------+
         Total |   3416 |   3119 |    297 |      0 |   2738 |   4 |  854.0 |
       Dungeon |   3416 |   3119 |    297 |      0 |   2738 |   4 |  854.0 |
               +--------+--------+--------+--------+--------+-----+--------+

Top non-repeatable levels by time:
     D:3: 1058 daAuts
     D:1: 970 daAuts
     D:2: 927 daAuts
     D:4: 460 daAuts
